Croesus, chaotic male elven Ranger -------------- |?%!*[*!?/%?/| |).@m?=%+(%!+| ------------ # |?m?=.d*[./%%| |...........######-----|------ |...!.@......| |......>...| #|..(........# -----|-------- |..........| #|...^......|#`# --------- ## |..........| #............##########........| # --|--------- ###|..........| ##` |.......| ### ##### # #----------+- # |.......+## # # ### ########## ### |.......| # #### ### # # |`.......####---.---- # # ####-.......| ##|......| --|----# --------- ##.......| |.)...|# #|......| |.....|# #....<..| |.....-# |......| ------- -------- Croesus the Tenderfoot Experience level: 1 Strength: 13 Dexterity: 11 Constitution: 16 Intelligence: 15 Wisdom: 13 Charisma: 7 Health: 0(13) Energy: 6(6) Def: 9 Gold: 258 Moves: 1924 Dungeon seed: b3N4TDR_UioXaBzD Game ID: Croesus_1605370572 Your Inventory: Weapons d - an uncursed +1 elven dagger (weapon in hand) e - an uncursed +1 elven bow (alternate weapon; not wielded) j - 6 uncursed +0 darts L - 58 uncursed +2 elven arrows N - 30 uncursed +0 elven arrows X - 45 uncursed +1 arrows (in quiver) Armor b - a blessed +2 elven cloak (being worn) y - an uncursed +0 elven cloak z - a blessed +0 bronze plate mail (being worn) Comestibles f - 4 uncursed lembas wafers k - 2 uncursed tripe rations o - an uncursed lichen corpse r - an uncursed food ration t - an uncursed acid blob corpse Scrolls s - an uncursed scroll of magic mapping Potions m - a cursed potion of restore ability Tools v - an uncursed skeleton key Gems n - an uncursed worthless piece of blue glass q - 2 uncursed worthless pieces of orange glass Coins $ - 258 gold pieces Spells and supernatural/magical abilities: Name Level Category Cost Memory W - pray for help -- divine ? -- Your skills at the end: Fighting Skills wands [Basic] Weapon Skills dagger [Basic] bow [Basic] Spellcasting Skills Final Attributes: You were piously aligned. You were immune to sleep. You saw invisible. You had automatic searching. You had infravision. You were stealthy. Mars was noncommittal. You are dead. Vanquished creatures: a small mimic 2 acid blobs 2 coyotes a gas spore 2 yellow molds 2 geckos 4 jackals a fox 2 sewer rats 10 grid bugs a bat 6 lichens 5 newts 39 creatures vanquished. Voluntary challenges: You were an atheist. You used a wielded weapon 8 times, starting on turn 449. You were illiterate. You never genocided any monsters. You never polymorphed an object. You never changed form. You used no wishes. You never split a pudding. You never wrote Elbereth's name. You never violated your personal moral code. Dungeon overview: The Dungeons of Doom: levels 1 to 5 Level 1 a vault a long staircase Level 2 Level 3 a long staircase Level 4 <- You were here a general store Level 5 History has recorded: On T:1 you entered the Dungeons of Doom to retrieve the Amulet of Yendor! On T:336 you reached level 2 of The Dungeons of Doom. On T:782 you reached level 3 of The Dungeons of Doom. On T:1586 you reached level 4 of The Dungeons of Doom. On T:1680 you reached level 5 of The Dungeons of Doom. Score breakdown: Gold: 258 ( 8209 points) Experience: 1 level ( 0 points) Exploration: 5 levels ( 10.42%) ( 8751 points) Discoveries: 2 items ( 0.68%) ( 2470 points) Valuables value: (no points given unless you survive) Artifact value: 0 ( 0 points) Variety of kills: 13 monsters ( 3.42%) ( 5548 points) Turncount: 1924 turns ( 0 points) Survival: died (score multiplied by 80%) Total score: 19982 Latest messages: The small mimic misses Sirius. You see here a spear (34 zorkmids). Sirius bites the small mimic. The small mimic misses Sirius. You see here a scroll of identify (30 zorkmids). Sirius bites the small mimic. The small mimic hits Sirius. You see here an opal ring (300 zorkmids). You see here a scroll of identify (30 zorkmids). Sirius drops a potion. You stop. Sirius is in the way! Kabalebo talks about the problem of shoplifters. The small mimic hits! You see here a steel ring (225 zorkmids). You see here a clear potion (9 zorkmids). You stop. Sirius is in the way! Sirius bites the small mimic. The small mimic misses Sirius. Sirius misses the small mimic. You see here a scroll of identify (30 zorkmids). Sirius bites the small mimic. The small mimic hits Sirius. You see here a scroll labeled FOOBIE BLETCH (120 zorkmids). The small mimic hits! You die... Kabalebo gratefully inherits all your possessions. Final status: Goodbye Croesus the Ranger, killed by a small mimic... You died in The Dungeons of Doom on dungeon level 4 with 19982 points, and 258 pieces of gold, after 1924 moves. You were level 1 with a maximum of 13 hit points when you died.